 Dungeon Crawl Stone Soup version 0.27-a0-416-gca2cecf3c0 (webtiles) character file.

Game seed: 11384883971969905684

147 wampuh the Ruffian (level 5, 0/40 HPs)
             Began as a Draconian Transmuter on Feb 24, 2021.
             Was an Initiate of Qazlal.
             Slain by a gnoll
             ... wielding a +0 whip
              (11 damage)
             ... on level 3 of the Dungeon.
             The game lasted 00:04:54 (3357 turns).

wampuh the Ruffian (Draconian Transmuter)           Turns: 3357, Time: 00:04:55

Health: 0/40       AC:  5    Str: 19    XL:     5   Next: 8%
Magic:  8/8        EV: 12    Int: 15    God:    Qazlal [......]
Gold:   119        SH:  0    Dex: 16    Spells: 5/8 levels left

rFire    . . .     SeeInvis .   n - +1 dagger (elec)
rCold    . . .     Faith    .   (no shield)
rNeg     . . .     Spirit   .   (armour unavailable)
rPois    .         Reflect  .   (helmet restricted)
rElec    .         Harm     .   (no cloak)
rCorr    .         Rampage  .   (no gloves)
Will     .....                  (no boots)
Stlth    +.........             (no amulet)
HPRegen  0.13/turn              p - ring "Kiasutit" {Str+6 Int+2 Dex+4}
MPRegen  0.11/turn              (no ring)

@: no status effects
A: unfitting armour, cold-blooded, AC +5
a: Renounce Religion


You were on level 3 of the Dungeon.
You worshipped Qazlal.
Qazlal was noncommittal.
You visited 2 branches of the dungeon, and saw 5 of its levels.

You collected 161 gold pieces.
You paid 42 gold pieces to Gozag.

Inventory:

Hand Weapons
 n - a +1 dagger of electrocution (weapon)
Jewellery
 p - the ring "Kiasutit" (left hand) {Str+6 Int+2 Dex+4}
   (You found it on level 4 of the Dungeon)

   [ring of strength]

   It affects your strength (+6).
   It affects your intelligence (+2).
   It affects your dexterity (+4).
Wands
 f - a wand of mindburst (11)
 j - a wand of random effects (17)
Scrolls
 a - a scroll of identify {unknown}
 g - a scroll of noise {unknown}
 h - a scroll of enchant armour {unknown}
 i - 3 scrolls of enchant weapon {unknown}
 k - 2 scrolls of teleportation {unknown}
 l - a scroll of blinking {unknown}
 o - a scroll of random uselessness {unknown}
Potions
 c - a potion of heal wounds {unknown}
 d - a potion of attraction {unknown}
 e - a potion of brilliance {unknown}
 m - 2 potions of lignification {unknown}


   Skills:
 - Level 1.1 Fighting
 + Level 1.7 Dodging
 - Level 5.1 Unarmed Combat
 + Level 2.0 Spellcasting
 + Level 3.2 Transmutations


You had 5 spell levels left.
You knew the following spells:

 Your Spells              Type           Power        Failure   Level
a - Beastly Appendage     Tmut           22%          6%          1
b - Wereblood             Tmut           11%          9%          2

Your spell library contained the following spells:

 Spells                   Type           Power        Failure   Level
 Spider Form              Tmut/Pois      3%           34%         3
 Ice Form                 Ice/Tmut       6%           75%         4
 Blade Hands              Tmut           5%           85%         5


Dungeon Overview and Level Annotations

Branches:
Dungeon (4/15)             Temple (1/1) D:4

Altars:
Ashenzari
Cheibriados
Dithmenos
Elyvilon
Fedhas
Gozag
Makhleb
Nemelex Xobeh
Okawaru
Qazlal
Sif Muna
Trog
Uskayaw
Vehumet
The Shining One


Innate Abilities, Weirdness & Mutations

Your plain brown scales are hard. (AC +5)
You cannot fit into any form of body armour.
You are cold-blooded and may be slowed by cold attacks.


Message History

The gnoll closely misses you.
The gnoll shaman hits you with a +0 whip.
The gnoll shaman calls upon its god to speed up the gnoll.
The gnoll seems to speed up.
The gnoll closely misses you.
You hear a shout!
The gnoll rages.
The gnoll shaman hits you but does no damage.
The gnoll shaman closely misses you.
Your transformation is almost over.
The gnoll shaman closely misses you. The gnoll misses you.
The gnoll shaman calls upon its god to speed up the gnoll.
The gnoll seems to speed up.
The gnoll rages.
The gnoll shaman hits you with a +0 whip.
The gnoll closely misses you.
Your horns disappear.
Your talons disappear.
The gnoll shaman hits you but does no damage.
The gnoll closely misses you.
You see here a +0 robe.
You hear a shout!
The gnoll rages.
You hear a shout!
The gnoll shaman hits you with a +0 whip.
You hear a shout!
The gnoll shaman misses you.
There is a stone staircase leading up here.
Okay, then.
The gnoll hits you with a +0 whip.
The gnoll shaman hits you with a +0 whip!
* * * LOW HITPOINT WARNING * * *
The gnoll misses you.
You climb upwards.
There is a stone staircase leading down here.
The gnoll shaman misses you. The gnoll closely misses you.
The gnoll shaman misses you. x2; The gnoll hits you with a +0 whip.
* * * LOW HITPOINT WARNING * * *
It was a potion of curing.
You feel better. The gnoll shaman closely misses you.
The gnoll hits you but does no damage. The gnoll shaman closely misses you.
The gnoll hits you with a +0 whip!
You die...

#.)........####.# ##.#
#.#.....##.# #.# #.#
#####.##....##.# #.# #.#
#...........##.# #.# #.#
#.###..........####.## #.#
#.# #.###.####.......# #.#
#.# #.# #.# #[####..#####.#
##.###.###.# ##.####........#
.....[).##.###..@g.#..#####.#
.................g.#..# #.#
........######..(.....# #.#
........# #......>.### #^#
........# ##.......>..# #.##
........# #....###.##.# #..#
.....)..# #.#### #.##.# ##.#
........# #.# #.##.# #.#
........#####.######.##.# #.#


You could see a gnoll shaman (fast, incited) and a gnoll (berserk, fast,
incited).

Vanquished Creatures
  An orc wizard (D:3)
  6 adders
  An adder skeleton (D:3)
  A worm (D:2)
  2 leopard geckos
  4 orcs (D:3)
  A ball python (D:4)
  2 giant cockroaches
  3 goblins (D:2)
  6 hobgoblins
  4 jackals (D:1)
  7 kobolds
  2 quokkas (D:2)
  7 bats
  4 frilled lizards
  5 rats
56 creatures vanquished.

Notes
Turn   | Place    | Note
-------+----------+-------------------------------------------
     0 | D:1      | wampuh the Draconian Transmuter began the quest for the
                  | Orb.
     0 | D:1      | Reached XP level 1. HP: 16/16 MP: 3/3
   189 | D:1      | Reached XP level 2. HP: 13/23 MP: 3/5
   736 | D:2      | Learned a level 2 spell: Wereblood
   777 | D:2      | Reached XP level 3. HP: 28/28 MP: 4/6
   908 | D:2      | Found a faded altar of an unknown god.
   917 | D:2      | Became a worshipper of Trog the Wrathful
   917 | D:2      | Reached * piety under Trog
  1528 | D:3      | Found an opulent altar of Gozag.
  1651 | D:3      | Reached skill level 4 in Unarmed Combat
  1788 | D:3      | Reached XP level 4. HP: 23/35 MP: 7/7
  2133 | D:3      | Reached ** piety under Trog
  2700 | D:3      | Reached skill level 5 in Unarmed Combat
  2701 | D:3      | Reached XP level 5. HP: 40/40 MP: 8/8
  2924 | D:3      | Fell from the grace of Trog
  2924 | D:3      | Became a worshipper of Gozag Ym Sagoz the Greedy
  3119 | D:4      | Found a staircase to the Ecumenical Temple.
  3123 | D:4      | Identified a bound granite ring
  3131 | Temple   | Entered the Ecumenical Temple
  3235 | Temple   | Fell from the grace of Gozag
  3235 | Temple   | Became a worshipper of Qazlal Stormbringer
  3357 | D:3      | Slain by a gnoll

Illustrated notes

Levels and vault maps discovered:
D:1:      scummos_arrival_simple_fountains, layout_rooms
D:2:      layout_rooms, chequers_ecumenical_altar_simple
D:3:      layout_loops_ring, nicolae_gozag_cash_rules_everything_around_me
D:4:      layout_layer_cave, minmay_temple_entry_statues_pillars
Temple:   jpeg_temple_clearing

Skill      XL: |  1  2  3  4 |
---------------+-------------+-----
Transmutations | 3 |  3.2
Unarmed Combat | 4 5 |  5.1
Fighting       | |  1.1
Dodging        | |  1.7
Spellcasting   | |  2.0

Action                   |  1- 3 |  4- 6 || total
-------------------------+-------+-------++-------
Melee: Unarmed           |   121 |       ||   121
       Kick              |    12 |       ||    12
       Headbutt          |     6 |       ||     6
       Tailslap          |    10 |     5 ||    15
       Dagger            |    11 |    74 ||    85
       Punch             |     1 |     2 ||     3
 Cast: Beastly Appendage |    17 |     1 ||    18
Invok: Berserk           |     1 |     1 ||     2
  Use: Potion            |       |     1 ||     1
Armor: Skin              |    48 |    19 ||    67
Dodge: Dodged            |    87 |    63 ||   150

Table legend: (Time is in decaauts)
 A = Elapsed time spent in this place.
 B = Non-inter-level travel time spent in this place.
 C = Inter-level travel time spent in this place.
 D = Time resting spent in this place.
 E = Time spent auto-exploring this place.
 F = Levels seen in this place.
 G = Mean time per level.
                   A        B        C        D        E       F      G
               +--------+--------+--------+--------+--------+-----+--------+
         Total |   3364 |   3221 |    143 |    250 |   2434 |   5 |  672.8 |
       Dungeon |   3238 |   3116 |    122 |    250 |   2361 |   4 |  809.5 |
        Temple |    125 |    104 |     21 |      0 |     73 |   1 |  125.0 |
               +--------+--------+--------+--------+--------+-----+--------+

Top non-repeatable levels by time:
     D:3: 1637 daAuts
     D:2: 758 daAuts
     D:1: 722 daAuts
  Temple: 125 daAuts
     D:4: 119 daAuts
